 Dungeon Crawl Stone Soup version 0.25.0-26-g0c896c7088 (webtiles) character file.

Game seed: 17847696969715882260

86 Exodus22XD the Poker (level 4, 0/33 HPs)
             Began as a Demonspawn Gladiator on July 4, 2020.
             Blown up by Ijyb (31 damage)
             ... with a disintegration bolt
             ... on level 3 of the Dungeon.
             The game lasted 00:02:29 (1908 turns).

Exodus22XD the Poker (Demonspawn Gladiator)         Turns: 1908, Time: 00:02:30

Health: 0/33       AC:  4    Str: 15    XL:     4   Next: 27%
Magic:  5/5        EV: 13    Int:  9    God:
Gold:   53         SH:  0    Dex: 15    Spells: 3/3 levels left

rFire    + . .     SeeInvis .   a - +0 trident
rCold    . . .     Gourm    .   (no shield)
rNeg     . . .     Faith    .   b - +0 leather armour
rPois    .         Spirit   .   c - +0 helmet
rElec    .         Reflect  .   g - scarf {+Inv}
rCorr    .         Harm     .   (no gloves)
MR       .....                  (no boots)
Stlth    +.........             (no amulet)
HPRegen  0.11/turn              (no ring)
MPRegen  0.09/turn              (no ring)

@: no status effects
A: talons 1, fire resistance 1, powered by death 1
a: Evoke Invisibility


You were on level 3 of the Dungeon.
You were not hungry.

You visited 1 branch of the dungeon, and saw 3 of its levels.

You collected 53 gold pieces.

Inventory:

Hand Weapons
 a - a +0 trident (weapon)
Missiles
 d - 4 throwing nets (quivered)
Armour
 b - a +0 leather armour (worn)
 c - a +0 helmet (worn)
 g - a scarf of invisibility (worn)
Scrolls
 j - 2 scrolls of amnesia {unknown}
 k - a scroll of noise {unknown}
 l - a scroll of enchant weapon {unknown}
 m - a scroll of teleportation {unknown}
 o - 5 scrolls of identify {unknown}
 q - a scroll of fog {unknown}
Potions
 e - a potion of flight {unknown}
 h - 5 potions of curing {unknown}
 i - a potion of brilliance {unknown}
 n - 2 potions of heal wounds {unknown}
Comestibles
 f - 5 rations


   Skills:
 + Level 2.2 Fighting
 + Level 3.8 Polearms
 - Level 1.7 Throwing
 + Level 0.7 Armour
 + Level 3.0 Dodging
 * Level 1.5 Evocations


You had 3 spell levels left.
You didn't know any spells.
Your spell library was empty.

Dungeon Overview and Level Annotations

Branches:
Dungeon (3/15)

Altars:

Annotations:
D:2 1 runed translucent door, Crazy Yiuf
D:3 Ijyb, Sigmund


Innate Abilities, Weirdness & Mutations

You have sharp toenails.
Your flesh is heat resistant. (rF+)
You regenerate a little health from kills.


Message History

You closely miss Ijyb. The ball python closely misses you.
The ball python barely misses you. Ijyb closely misses you.
The adder closely misses you. The ball python barely misses you.
The ball python misses you.
Attack whom?
Press: ? - help, Dir - move target cursor, f/p - Ijyb
Aim: Ijyb, wielding a +0 club, wearing a +0 leather armour and carrying a wand of disintegration (10)
You hit Ijyb. You claw Ijyb, but do no damage.
Ijyb is lightly wounded.
The adder bites you. Ijyb hits you but does no damage.
The ball python barely misses you. The ball python closely misses you.
Attack whom?
Press: ? - help, Dir - move target cursor, f/p - Ijyb
Aim: Ijyb, wielding a +0 club, wearing a +0 leather armour and carrying a wand of disintegration (10) (lightly wounded)
You hit Ijyb.
Ijyb is moderately wounded.
The adder misses you. The ball python completely misses you.
The ball python barely misses you.
Ijyb zaps a wand.
You are blasted!
Ouch! That really hurt!
You die...

#...# ....#
## .. ##
##### .#
#...###...#
#.....K.#
... #@S.#
...
#...Sg......
...
#...........
#...........
.
####...##...
#. #...# ..
#. #...# #
#. ##### #


You could see Ijyb, an adder, a ball python and a kobold.

Vanquished Creatures
  3 adders
  An ooze (D:2)
  A worm (D:2)
  A dart slug (D:1)
  A leopard gecko (D:3)
  7 bats
  A giant cockroach (D:2)
  3 goblins (D:1)
  4 hobgoblins
  6 jackals
  A quokka (D:2)
  2 ball pythons (D:1)
  4 frilled lizards
  8 kobolds
  7 rats
  A toadstool (D:1)
51 creatures vanquished.

Vanquished Creatures (others)
  3 toadstools (D:1)
3 creatures vanquished.

Grand Total: 54 creatures vanquished

Notes
Turn   | Place    | Note
-------+----------+-------------------------------------------
     0 | D:1      | Exodus22XD the Demonspawn Gladiator began the quest for the
                  | Orb.
     0 | D:1      | Reached XP level 1. HP: 16/16 MP: 1/1
   112 | D:1      | Gained mutation: Your flesh is heat resistant. (rF+)
                  | [demonic ancestry]
   112 | D:1      | Reached XP level 2. HP: 22/22 MP: 2/2
   814 | D:2      | Gained mutation: You have sharp toenails. [demonic
                  | ancestry]
   814 | D:2      | Reached XP level 3. HP: 17/27 MP: 3/3
   983 | D:2      | Reached skill level 1 in Evocations
  1378 | D:2      | Found a runed translucent door.
  1379 | D:2      | Noticed Crazy Yiuf
  1587 | D:3      | Gained mutation: You regenerate a little health from kills.
                  | [demonic ancestry]
  1587 | D:3      | Reached XP level 4. HP: 27/33 MP: 4/4
  1706 | D:3      | Noticed Sigmund
  1904 | D:3      | Noticed Ijyb
  1908 | D:3      | Blown up by Ijyb

Illustrated notes

Levels and vault maps discovered:
D:1:      ldierk_water_garden, layout_rooms, minmay_door_square,
          serial_bayou_ford_a, minmay_misc_feat_nine_boxes,
          minmay_splitting_lines
D:2:      layout_basic, first_ration, minmay_tall_x, uniq_crazy_yiuf_cottage
D:3:      layout_loops_ring, nicolae_overflow_hidden_temple,
          cheibrodos_sewer_entry_bend, uniq_sigmund, uniq_ijyb

Skill      XL: |  1  2  3 |
---------------+----------+-----
Polearms       | 3 |  3.8
Dodging        | 3 |  3.0
Evocations     | 1 |  1.5
Fighting       | |  2.2
Throwing       | |  1.7
Armour         | |  0.7

Action                   |  1- 3 |  4- 6 || total
-------------------------+-------+-------++-------
Melee: Trident           |   130 |    24 ||   154
       Kick              |     7 |     5 ||    12
 Stab: Sleeping          |     1 |       ||     1
  Eat: Chunk             |     2 |     1 ||     3
Armor: Leather armour    |    47 |     5 ||    52
Dodge: Dodged            |   106 |    30 ||   136
